cohdb
Replays
Latest Replays
All Replays
Popular Replays
Top Player Replays
Match Explorer
How It Works
Community
CoH3 Stats
Reddit
Sign in to upload your games and track your stats! →
Sign in with Steam
Match 44481277
Unlisted
Match 44481277
Overview
Messages
Build Orders
End
Construct Section Command Post
Royal Engineer Section
Infantry Section
Infantry Section
Selects Canadian Shock Battlegroup
Selects Attacking Spirit
ML 3-inch Mortar Team
Infantry Section
Construct Field Infirmary
Selects Incendiary Munitions
Selects Canadian Shock Section
Construct Platoon Command Post
Unlock M3 Stuart Light Tanks
6-pounder Anti-tank Gun Team
Canadian Shock Section
M3 Stuart Light Tank
Selects Pyrotechnics
Royal Engineer Section
Comrade Trotsky
---
pagep
7k this year for sure
0
0
Comments
sign in to comment!
No comments posted yet!